[Event "94th FRA-ch Accession 2019"]
[Site "Chartres"]
[Date "2019.08.20"]
[Round "4.4"]
[White "Pigeat, Alexandre"]
[Black "Abergel, Thal"]
[Result "1/2-1/2"]
[ECO "D31"]
[WhiteElo "2377"]
[BlackElo "2471"]
[Annotator "ChessBase"]
[PlyCount "251"]
[EventDate "2019.08.17"]
[EventType "swiss"]
[EventCountry "FRA"]
[SourceTitle "playchess.com"]
[Source "ChessBase"]
[SourceQuality "1"]
[TimeControl "40/5400+30:1800+30"]

1. d4 d5 2. c4 e6 3. Nc3 a6 4. cxd5 exd5 5. e3 Nf6 6. Nge2 Bd6 7. Ng3 O-O 8. Bd3 Re8 9. O-O Nc6 10. Bc2 Be6 11. h3 Qd7 12. f4 Ne7 13. Qd3 g6 14. Qd1 Nf5 15. Nxf5 Bxf5 16. g4 Bxc2 17. Qxc2 c6 18. Na4 Qe7 19. a3 h5 20. g5 Ne4 21. Nc3 Qd7 22. Qg2 Qf5 23. Rf3 c5 24. Bd2 cxd4 25. exd4 Re6 26. Raf1 Rae8 27. Nd1 Nxd2 28. Qxd2 Re2 29. Qd3 Qxd3 30. Rxd3 Re1 31. Rxe1 Rxe1+ 32. Kf2 Re4 33. Nc3 Rxf4+ 34. Kg2 Kg7 35. Ne2 Rf5 36. h4 f6 37. gxf6+ Rxf6 38. Rb3 b5 39. Rc3 b4 40. axb4 Bxb4 41. Rc7+ Kh6 42. Ng1 g5 43. hxg5+ Kxg5 44. Rd7 Rd6 45. Rf7 Kg6 46. Rb7 Ba5 47. Nf3 Kf5 48. Re7 Kf4 49. Ne5 Rb6 50. Nd3+ Kg4 51. Rg7+ Kf5 52. Re7 Kf6 53. Re5 Rb3 54. Rxd5 Bd2 55. Nc5 Rxb2 56. Nxa6 Bg5+ 57. Kf3 Rb3+ 58. Kf2 Rb2+ 59. Kf3 Rb3+ 60. Kf2 Bh4+ 61. Kg2 Kg6 62. Nc5 Re3 63. Re5 Rg3+ 64. Kh2 Ra3 65. Re6+ Kf5 66. Re5+ Kg6 67. Re6+ Kf7 68. Rh6 Bg3+ 69. Kg2 h4 70. Ra6 Re3 71. Nd7 Ke7 72. Ne5 h3+ 73. Kxh3 Bxe5+ 74. Kg4 Bxd4 75. Kf4 Rb3 76. Ke4 Bc5 77. Rc6 Bd6 78. Rc8 Ke6 79. Re8+ Kd7 80. Rg8 Kc6 81. Rc8+ Bc7 82. Kd4 Rb4+ 83. Kc3 Rh4 84. Kd3 Kd7 85. Rg8 Ke6 86. Re8+ Kd5 87. Re7 Bd6 88. Rd7 Rh3+ 89. Ke2 Ke6 90. Ra7 Kf5 91. Ra4 Bf4 92. Rc4 Ke5 93. Ra4 Re3+ 94. Kf2 Kf5 95. Ra8 Rb3 96. Ke2 Re3+ 97. Kf2 Rd3 98. Ke2 Rd7 99. Kf3 Be5 100. Rf8+ Bf6 101. Ke2 Ke5 102. Re8+ Kf4 103. Rf8 Rd6 104. Re8 Be5 105. Ra8 Ke4 106. Ra4+ Bd4 107. Ra8 Rb6 108. Re8+ Be5 109. Rd8 Rb3 110. Rd7 Bf6 111. Rd6 Bd4 112. Re6+ Be5 113. Re8 Rb2+ 114. Kf1 Kd4 115. Kg1 Bf4 116. Kh1 Be3 117. Re7 Kd3 118. Re8 Rf2 119. Ra8 Ke4 120. Re8+ Kf3 121. Rf8+ Bf4 122. Rg8 Rh2+ 123. Kg1 Rh7 124. Kf1 Ra7 125. Re8 Rb7 126. Re6 1/2-1/2

[Event "94th FRA-ch Accession 2019"]
[Site "Chartres"]
[Date "2019.08.20"]
[Round "4.5"]
[White "Laurent-Paoli, Pierre"]
[Black "Joie, Sebastien"]
[Result "1-0"]
[ECO "D46"]
[WhiteElo "2371"]
[BlackElo "2413"]
[Annotator "NA"]
[PlyCount "61"]
[EventDate "2019.08.17"]
[EventType "swiss"]
[EventCountry "FRA"]
[SourceTitle "playchess.com"]
[Source "ChessBase"]
[SourceQuality "1"]
[TimeControl "40/5400+30:1800+30"]

1. d4 d5 2. c4 c6 3. Nf3 Nf6 4. Nc3 e6 5. e3 Nbd7 6. Qc2 b6 7. Bd3 Bb7 8. O-O Be7 9. b3 O-O 10. Bb2 Qc7 11. Qe2 h6 12. Rac1 Rac8 13. Ne5 Nxe5 14. dxe5 dxc4 15. Bxc4 Nd7 16. f4 b5 17. Bd3 Nc5 18. Bb1 b4 19. Ne4 Nxe4 20. Bxe4 Qa5 21. Qc2 Ba6 22. Rf3 c5 23. f5 Bg5 24. Qf2 Qxa2 25. h4 Bxh4 26. Qxh4 Qxb2 27. f6 Qxc1+ 28. Kh2 Qc3 29. Qf4 Rfd8 30. Rg3 Rd5 31. Bxd5 1-0

[Event "94th FRA-ch Accession 2019"]
[Site "Chartres"]
[Date "2019.08.20"]
[Round "4.6"]
[White "Housieaux, David"]
[Black "Bujisho, Benjamin"]
[Result "1/2-1/2"]
[ECO "E92"]
[WhiteElo "2402"]
[BlackElo "2317"]
[Annotator "NA"]
[PlyCount "90"]
[EventDate "2019.08.17"]
[EventType "swiss"]
[EventCountry "FRA"]
[SourceTitle "playchess.com"]
[Source "ChessBase"]
[SourceQuality "1"]
[TimeControl "40/5400+30:1800+30"]

1. d4 Nf6 2. c4 g6 3. Nc3 Bg7 4. e4 d6 5. h3 O-O 6. Nf3 e5 7. d5 Na6 8. Be3 Nc5 9. Nd2 a5 10. g4 c6 11. Be2 Bd7 12. g5 Ne8 13. Nb3 Na6 14. Bg4 f5 15. gxf6 Nxf6 16. Bxd7 Qxd7 17. dxc6 bxc6 18. Nxa5 d5 19. cxd5 cxd5 20. Nxd5 Nxd5 21. Qxd5+ Qxd5 22. exd5 Nb4 23. Nc4 Nc2+ 24. Ke2 Nxa1 25. Rxa1 e4 26. a4 Rfb8 27. a5 Rb4 28. Rc1 Bxb2 29. Rc2 Rc8 30. Rxb2 Rxb2+ 31. Nxb2 Rc2+ 32. Kd1 Rxb2 33. a6 g5 34. a7 Ra2 35. Kc1 h5 36. Kb1 Ra6 37. Kc2 h4 38. Bxg5 Rxa7 39. d6 Kf7 40. Bxh4 Ke6 41. Bg3 e3 42. fxe3 Rg7 43. Be1 Kxd6 44. Kd3 Rg1 45. Bf2 Ke5 {[%emt 0:22:45] Ke4+} 1/2-1/2

[Event "94th FRA-ch Accession 2019"]
[Site "Chartres"]
[Date "2019.08.21"]
[Round "5.1"]
[White "Lamard, Guillaume"]
[Black "Demuth, Adrien"]
[Result "1/2-1/2"]
[ECO "D14"]
[WhiteElo "2419"]
[BlackElo "2495"]
[Annotator "ChessBase"]
[PlyCount "57"]
[EventDate "2019.08.17"]
[EventType "swiss"]
[EventCountry "FRA"]
[SourceTitle "playchess.com"]
[Source "ChessBase"]
[SourceQuality "1"]
[TimeControl "40/5400+30:1800+30"]

1. d4 d5 2. c4 c6 3. cxd5 cxd5 4. Nc3 Nf6 5. Nf3 Nc6 6. Bf4 Nh5 7. Bc1 Nf6 8. Bf4 Bf5 9. e3 e6 10. Bd3 Bxd3 11. Qxd3 Bd6 12. Bxd6 Qxd6 13. O-O O-O 14. Rac1 Rfc8 15. h3 h6 16. Ne2 Ne7 17. Rxc8+ Rxc8 18. Rc1 Rxc1+ 19. Nxc1 Qc7 20. Ne2 Nd7 21. Qc3 Qxc3 22. Nxc3 Nc6 23. Kf1 Kf8 24. Ke2 Ke7 25. Kd3 Kd6 26. Nb5+ Ke7 27. Nc3 Kd6 28. Nb5+ Ke7 29. Nc3 1/2-1/2

[Event "94th FRA-ch Accession 2019"]
[Site "Chartres"]
[Date "2019.08.21"]
[Round "5.2"]
[White "Laurent-Paoli, Pierre"]
[Black "Stephan, Victor"]
[Result "1/2-1/2"]
[ECO "A61"]
[WhiteElo "2371"]
[BlackElo "2413"]
[Annotator "NA"]
[PlyCount "127"]
[EventDate "2019.08.17"]
[EventType "swiss"]
[EventCountry "FRA"]
[SourceTitle "playchess.com"]
[Source "ChessBase"]
[SourceQuality "1"]
[TimeControl "40/5400+30:1800+30"]

1. d4 Nf6 2. c4 e6 3. Nf3 c5 4. d5 d6 5. Nc3 exd5 6. cxd5 g6 7. Bf4 a6 8. a4 Bg7 9. h3 O-O 10. e3 Ne8 11. Be2 Nd7 12. O-O Qe7 13. a5 Rb8 14. Nd2 Ne5 15. Qb3 Nc7 16. Bh2 f5 17. Na4 Kh8 18. Nc4 Nxc4 19. Bxc4 Be5 20. Bxe5+ Qxe5 21. Qc3 Re8 22. Nb6 Na8 23. Qxe5+ Rxe5 24. Nxa8 Rxa8 25. Ra3 Bd7 26. Rb3 Bb5 27. Bxb5 axb5 28. Rxb5 Rxd5 29. b4 Re5 30. Rxb7 cxb4 31. Rd1 Ra6 32. Rxb4 Rexa5 33. Rbd4 Ra4 34. Rxa4 Rxa4 35. Rxd6 f4 36. exf4 Rxf4 37. Rd7 Ra4 38. g3 h5 39. h4 Kg8 40. Kg2 Ra3 41. Rb7 Rc3 42. Re7 Ra3 43. Re5 Kg7 44. Re3 Ra2 45. Kf3 Kf6 46. Rb3 Ra6 47. Kf4 Ra4+ 48. Ke3 Ra6 49. Rb4 Ra2 50. f3 Ra5 51. g4 hxg4 52. fxg4 Ra1 53. Rb6+ Kg7 54. Rb7+ Kf6 55. Rb6+ Kg7 56. Rb5 Ra4 57. Kf3 Kf6 58. h5 gxh5 59. Rxh5 Kg6 60. Rb5 Rc4 61. Kg3 Rc1 62. Rb6+ Kg5 63. Rb5+ Kg6 64. Rb6+ 1/2-1/2

[Event "94th FRA-ch Accession 2019"]
[Site "Chartres"]
[Date "2019.08.21"]
[Round "5.3"]
[White "Velten, Paul"]
[Black "Pigeat, Alexandre"]
[Result "1-0"]
[ECO "D03"]
[WhiteElo "2527"]
[BlackElo "2377"]
[Annotator "ChessBase"]
[PlyCount "105"]
[EventDate "2019.08.17"]
[EventType "swiss"]
[EventCountry "FRA"]
[SourceTitle "playchess.com"]
[Source "ChessBase"]
[SourceQuality "1"]
[TimeControl "40/5400+30:1800+30"]

1. d4 d5 2. Nf3 Nf6 3. Bg5 h6 4. Bxf6 exf6 5. e3 Be6 6. Bd3 c5 7. dxc5 Bxc5 8. Nbd2 Nc6 9. Nb3 Bb6 10. Nfd4 O-O 11. O-O Re8 12. c3 a6 13. Qc2 Ne5 14. Bf5 Qc7 15. Rad1 Rad8 16. Nc1 Ng4 17. Bxg4 Bxg4 18. Rd2 Ba7 19. Nce2 Bb8 20. g3 Qe5 21. Nf4 Ba7 22. h3 Bc8 23. Rfd1 Qe4 24. Kh2 Bb8 25. Nde2 Bxf4 26. Qxe4 Rxe4 27. Nxf4 Kf8 28. Rxd5 Rxd5 29. Rxd5 Rc4 30. Rd8+ Ke7 31. Rg8 Bf5 32. g4 Bb1 33. a3 Be4 34. Kg3 g5 35. Ne2 f5 36. Nd4 fxg4 37. hxg4 Kf6 38. Rh8 Kg7 39. Re8 Bd3 40. e4 Rc7 41. f3 Rd7 42. Kf2 Kf6 43. Ke3 Bc4 44. b3 Be6 45. a4 Rc7 46. c4 Rc5 47. Rh8 Kg7 48. Rd8 Kf6 49. Nxe6 fxe6 50. Rd7 b6 51. Rd6 b5 52. Kd4 Rc8 53. e5+ 1-0

[Event "94th FRA-ch Accession 2019"]
[Site "Chartres"]
[Date "2019.08.21"]
[Round "5.4"]
[White "Gatineau, Yovann"]
[Black "Bailet, Pierre"]
[Result "1/2-1/2"]
[ECO "A45"]
[WhiteElo "2363"]
[BlackElo "2490"]
[Annotator "ChessBase"]
[PlyCount "55"]
[EventDate "2019.08.17"]
[EventType "swiss"]
[EventCountry "FRA"]
[SourceTitle "playchess.com"]
[Source "ChessBase"]
[SourceQuality "1"]
[TimeControl "40/5400+30:1800+30"]

1. d4 Nf6 2. Bf4 g6 3. Nc3 d5 4. e3 Bg7 5. h4 h5 6. Nf3 O-O 7. Ne5 Nbd7 8. f3 c6 9. Qd2 Nxe5 10. Bxe5 b5 11. O-O-O Qa5 12. a3 b4 13. Na2 c5 14. Kb1 Bf5 15. axb4 cxb4 16. Nxb4 Qa4 17. Bd3 a5 18. Na6 Bxd3 19. Qxd3 Rfc8 20. Nc5 Qc6 21. g4 hxg4 22. Bxf6 Qxf6 23. c3 Qxf3 24. Rdf1 Qg2 25. Rfg1 Qf2 26. Rf1 Qg2 27. Rfg1 Qf2 28. Rf1 1/2-1/2

[Event "94th FRA-ch Accession 2019"]
[Site "Chartres"]
[Date "2019.08.21"]
[Round "5.5"]
[White "Bujisho, Benjamin"]
[Black "Maurizzi, Marc Andria"]
[Result "1/2-1/2"]
[ECO "A07"]
[WhiteElo "2317"]
[BlackElo "2419"]
[Annotator "NA"]
[PlyCount "42"]
[EventDate "2019.08.17"]
[EventType "swiss"]
[EventCountry "FRA"]
[SourceTitle "playchess.com"]
[Source "ChessBase"]
[SourceQuality "1"]
[TimeControl "40/5400+30:1800+30"]

1. Nf3 d5 2. g3 g6 3. Bg2 Bg7 4. O-O e5 5. d3 Ne7 6. e4 O-O 7. Nbd2 Nbc6 8. c3 a5 9. Qc2 h6 10. Re1 Be6 11. exd5 Bxd5 12. b3 Re8 13. a3 Qd7 14. Bb2 Rad8 15. b4 Nf5 16. Rad1 axb4 17. axb4 Nd6 18. Qb1 b5 19. c4 Bxf3 20. Nxf3 Qc8 21. cxb5 Nxb5 1/2-1/2

[Event "94th FRA-ch Accession 2019"]
[Site "Chartres"]
[Date "2019.08.21"]
[Round "5.6"]
[White "Gertosio, Franck"]
[Black "Housieaux, David"]
[Result "1/2-1/2"]
[ECO "C02"]
[WhiteElo "2267"]
[BlackElo "2402"]
[Annotator "NA"]
[PlyCount "144"]
[EventDate "2019.08.17"]
[EventType "swiss"]
[EventCountry "FRA"]
[SourceTitle "playchess.com"]
[Source "ChessBase"]
[SourceQuality "1"]
[TimeControl "40/5400+30:1800+30"]

1. e4 e6 2. d4 d5 3. e5 c5 4. c3 Nc6 5. Nf3 Bd7 6. Bd3 cxd4 7. cxd4 Qb6 8. O-O Nxd4 9. Nbd2 Nc6 10. Nb3 Nge7 11. Be3 Qc7 12. Rc1 Ng6 13. Nc5 Bxc5 14. Bxc5 Ngxe5 15. Nxe5 Nxe5 16. f4 Nc4 17. Bd4 Bc6 18. b3 Nd6 19. Bxg7 Rg8 20. Bf6 Ne4 21. Bxe4 dxe4 22. f5 e3 23. Rc2 Be4 24. fxe6 fxe6 25. Rb2 Qc5 26. Kh1 Rc8 27. b4 Qd5 28. Qxd5 Bxd5 29. Bd4 Rc4 30. Bxe3 Rcg4 31. Rff2 Re4 32. Rfe2 a6 33. Kg1 Bc4 34. Re1 Rf8 35. Rf2 Rxf2 36. Bxf2 Rxe1+ 37. Bxe1 Bxa2 38. Kf2 Kd7 39. Ke3 Kd6 40. g4 e5 41. h4 Bb3 42. g5 Bd1 43. Bd2 Ke6 44. Be1 Kf5 45. Bc3 Bh5 46. Bb2 Be8 47. Bc3 Bc6 48. Bb2 Be8 49. Bc3 b6 50. Bd2 Bc6 51. Bc3 Be8 52. Be1 Bg6 53. Kf3 e4+ 54. Ke2 Ke5 55. Ke3 Kd5 56. Bd2 Kc4 57. h5 Bxh5 58. Kxe4 Bg6+ 59. Ke3 Kb5 60. Kd4 Bb1 61. Kc3 Bf5 62. Be3 Be6 63. Bf2 a5 64. bxa5 Kxa5 65. Kb2 b5 66. Be3 b4 67. Bc1 Kb5 68. Bf4 Kc4 69. Bd2 Bf7 70. Be1 b3 71. Bd2 Kd3 72. Bc1 Ke2 1/2-1/2

[Event "94th FRA-ch Accession 2019"]
[Site "Chartres"]
[Date "2019.08.22"]
[Round "6.1"]
[White "Stephan, Victor"]
[Black "Velten, Paul"]
[Result "1/2-1/2"]
[ECO "E32"]
[WhiteElo "2413"]
[BlackElo "2527"]
[Annotator "ChessBase"]
[PlyCount "63"]
[EventDate "2019.08.17"]
[EventType "swiss"]
[EventCountry "FRA"]
[SourceTitle "playchess.com"]
[Source "ChessBase"]
[SourceQuality "1"]
[TimeControl "40/5400+30:1800+30"]

1. d4 Nf6 2. c4 e6 3. Nc3 Bb4 4. Qc2 O-O 5. Nf3 d6 6. g3 b6 7. Bg2 Bb7 8. O-O Bxc3 9. Qxc3 Nbd7 10. b3 Qe7 11. Bb2 Rac8 12. Rad1 Be4 13. d5 e5 14. Bh3 h6 15. Nh4 a5 16. f3 Bh7 17. Nf5 Bxf5 18. Bxf5 Ra8 19. Bc2 Nc5 20. e4 Rfe8 21. a3 Qd7 22. a4 Re7 23. Rf2 Kh8 24. Bc1 Qh3 25. Be3 Nfd7 26. Rg2 Nf8 27. Rf1 Ng6 28. Qd2 Kg8 29. Qf2 Rae8 30. Qd2 Ra8 31. Qf2 Rae8 32. Qd2 1/2-1/2

[Event "94th FRA-ch Accession 2019"]
[Site "Chartres"]
[Date "2019.08.22"]
[Round "6.2"]
[White "Demuth, Adrien"]
[Black "Di Nicolantonio, Lucas"]
[Result "1/2-1/2"]
[ECO "B51"]
[WhiteElo "2495"]
[BlackElo "2394"]
[Annotator "ChessBase"]
[PlyCount "70"]
[EventDate "2019.08.17"]
[EventType "swiss"]
[EventCountry "FRA"]
[SourceTitle "playchess.com"]
[Source "ChessBase"]
[SourceQuality "1"]
[TimeControl "40/5400+30:1800+30"]

1. e4 c5 2. Nf3 d6 3. Bb5+ Nd7 4. O-O a6 5. Bd3 Ngf6 6. Re1 g6 7. c3 Bg7 8. Bc2 O-O 9. d4 b5 10. e5 Ne8 11. Bg5 dxe5 12. Nxe5 Nxe5 13. dxe5 Bd7 14. Qd5 Nc7 15. Qxc5 Ne6 16. Qe3 Nxg5 17. Qxg5 Bc6 18. Nd2 e6 19. Qxd8 Rfxd8 20. Nb3 a5 21. a3 Bd5 22. Nd4 b4 23. axb4 axb4 24. f4 bxc3 25. bxc3 Rxa1 26. Rxa1 g5 27. g3 gxf4 28. gxf4 Bh6 29. f5 Be3+ 30. Kf1 Bf4 31. fxe6 fxe6 32. Ra7 h6 33. Bb3 Bxb3 34. Nxb3 Bxe5 35. Nc5 Bxc3 1/2-1/2

[Event "94th FRA-ch Accession 2019"]
[Site "Chartres"]
[Date "2019.08.22"]
[Round "6.3"]
[White "Lamard, Guillaume"]
[Black "Laurent-Paoli, Pierre"]
[Result "1-0"]
[ECO "B11"]
[WhiteElo "2419"]
[BlackElo "2371"]
[Annotator "NA"]
[PlyCount "131"]
[EventDate "2019.08.17"]
[EventType "swiss"]
[EventCountry "FRA"]
[SourceTitle "playchess.com"]
[Source "ChessBase"]
[SourceQuality "1"]
[TimeControl "40/5400+30:1800+30"]

1. e4 c6 2. Nf3 d5 3. Nc3 Nf6 4. e5 Ne4 5. d4 Nxc3 6. bxc3 e6 7. c4 Be7 8. cxd5 exd5 9. Bd3 c5 10. dxc5 Nc6 11. h3 Bxc5 12. O-O Be6 13. Rb1 Qd7 14. Rb5 b6 15. c3 O-O 16. Rb2 h6 17. Bb1 Bf5 18. Bf4 Rad8 19. Rd2 Qe6 20. Bxf5 Qxf5 21. Bg3 Qe6 22. Rd3 Rd7 23. Re1 d4 24. cxd4 Rfd8 25. Bh4 g5 26. Nxg5 hxg5 27. Rg3 Be7 28. Bxg5 Bxg5 29. Rxg5+ Kf8 30. Qh5 Rxd4 31. Re3 Ke7 32. Rf5 Qg6 33. e6 Qxh5 34. exf7+ Kd7 35. Rxh5 Rf8 36. Rf5 Ne7 37. Rff3 Ng6 38. Rf6 Rd6 39. Rf5 Ne7 40. Rff3 Nd5 41. Re5 Ne7 42. h4 Ng6 43. Re4 Re6 44. Ra4 a5 45. Rf5 Ke7 46. h5 Ne5 47. Re4 Nxf7 48. Ref4 Re1+ 49. Kh2 Re5 50. g4 Rxf5 51. Rxf5 Nd6 52. Re5+ Kf6 53. f4 Nc4 54. g5+ Kf7 55. Re2 Rh8 56. h6 Kg6 57. Kg3 Kf5 58. Re7 b5 59. Rc7 Kg6 60. a4 Ne3 61. axb5 Rb8 62. Rc6+ Kf7 63. g6+ Ke7 64. h7 Rh8 65. Kf3 Nf5 66. Ke4 1-0

[Event "94th FRA-ch Accession 2019"]
[Site "Chartres"]
[Date "2019.08.22"]
[Round "6.4"]
[White "Bailet, Pierre"]
[Black "Bujisho, Benjamin"]
[Result "1-0"]
[ECO "B52"]
[WhiteElo "2490"]
[BlackElo "2317"]
[Annotator "ChessBase"]
[PlyCount "135"]
[EventDate "2019.08.17"]
[EventType "swiss"]
[EventCountry "FRA"]
[SourceTitle "playchess.com"]
[Source "ChessBase"]
[SourceQuality "1"]
[TimeControl "40/5400+30:1800+30"]

1. e4 c5 2. Nf3 d6 3. Bb5+ Bd7 4. c4 Bxb5 5. cxb5 Nf6 6. Nc3 g6 7. O-O Bg7 8. d4 cxd4 9. Nxd4 O-O 10. Be3 Nbd7 11. Qe2 e6 12. a4 a5 13. bxa6 bxa6 14. b4 Qc7 15. b5 Qb7 16. f3 d5 17. exd5 Nxd5 18. Nxd5 exd5 19. Bf2 Rfe8 20. bxa6 Qxa6 21. Qb5 Ne5 22. Rfd1 h5 23. Ra2 Red8 24. Qxa6 Rxa6 25. Nb3 Bf8 26. Nc5 Rc6 27. Nb3 Ra6 28. Bc5 Rb8 29. Bxf8 Kxf8 30. Nc5 Ra5 31. Rc2 Kg8 32. Rxd5 Rb1+ 33. Kf2 Nc6 34. Ne4 Rxd5 35. Nf6+ Kg7 36. Nxd5 Ne5 37. Ra2 Nc6 38. Ke3 h4 39. Rc2 Ne5 40. Kd4 Nd7 41. Ra2 h3 42. gxh3 Rd1+ 43. Kc4 Ne5+ 44. Kc5 Rc1+ 45. Kb6 Rd1 46. f4 Nc4+ 47. Kc5 Na5 48. Ne3 Rd3 49. Nc4 Nb7+ 50. Kb6 Rb3+ 51. Kc6 Rb4 52. Kd5 Rb3 53. a5 Nxa5 54. Nxa5 Rxh3 55. Nc4 Rh4 56. Rf2 f6 57. Ke6 g5 58. Nd6 Rh3 59. Ne8+ Kf8 60. Nxf6 gxf4 61. Ng4 Kg7 62. Kf5 Ra3 63. Kxf4 Kg6 64. Rf3 Ra1 65. Kg3 Kh5 66. Rf5+ Kg6 67. Rb5 Ra6 68. Rc5 1-0

[Event "94th FRA-ch Accession 2019"]
[Site "Chartres"]
[Date "2019.08.22"]
[Round "6.5"]
[White "Maurizzi, Marc Andria"]
[Black "Delorme, Alban"]
[Result "1/2-1/2"]
[ECO "B45"]
[WhiteElo "2419"]
[BlackElo "2308"]
[Annotator "NA"]
[PlyCount "123"]
[EventDate "2019.08.17"]
[EventType "swiss"]
[EventCountry "FRA"]
[SourceTitle "playchess.com"]
[Source "ChessBase"]
[SourceQuality "1"]
[TimeControl "40/5400+30:1800+30"]

1. e4 c5 2. Nf3 e6 3. d4 cxd4 4. Nxd4 Nf6 5. Nc3 Nc6 6. Nxc6 bxc6 7. e5 Nd5 8. Ne4 f5 9. exf6 Nxf6 10. Nd6+ Bxd6 11. Qxd6 Qa5+ 12. Bd2 Qd5 13. Bb4 Qxd6 14. Bxd6 Kf7 15. f3 Ne8 16. Ba3 d5 17. c4 e5 18. cxd5 cxd5 19. Rc1 Bd7 20. Ba6 Rb8 21. Kd2 Ke6 22. Rhe1 Rb6 23. Bd3 Rc6 24. Rxc6+ Bxc6 25. Bc5 Nd6 26. Bxa7 e4 27. Bd4 Ra8 28. a3 g6 29. Bf1 Ra4 30. Bc5 Nc4+ 31. Kc3 Ne5 32. Bd4 Ra8 33. Rc1 Kd6 34. fxe4 dxe4 35. Kd2 Nd3 36. Rc3 Bd5 37. b4 Bc6 38. g3 Kd5 39. Bxd3 exd3 40. Be3 Ba4 41. Rxd3+ Ke4 42. Bc5 Bb5 43. Re3+ Kd5 44. Kc2 Re8 45. Rxe8 Ba4+ 46. Kc3 Bxe8 47. Kb3 Bb5 48. a4 Be2 49. Be7 Bd1+ 50. Ka3 Kc4 51. b5 h5 52. Bg5 Bc2 53. Be3 Bd1 54. b6 Bf3 55. a5 Kb5 56. Bd2 Bb7 57. Kb2 Kc6 58. Kc3 Ba6 59. Kd4 Kb7 60. Ke3 Bb5 61. a6+ Kxb6 62. Ke4 1/2-1/2

[Event "94th FRA-ch Accession 2019"]
[Site "Chartres"]
[Date "2019.08.22"]
[Round "6.6"]
[White "Ollier, Pablo"]
[Black "Joie, Sebastien"]
[Result "0-1"]
[ECO "A11"]
[WhiteElo "2382"]
[BlackElo "2413"]
[Annotator "NA"]
[PlyCount "138"]
[EventDate "2019.08.17"]
[EventType "swiss"]
[EventCountry "FRA"]
[SourceTitle "playchess.com"]
[Source "ChessBase"]
[SourceQuality "1"]
[TimeControl "40/5400+30:1800+30"]

1. Nf3 d5 2. c4 c6 3. g3 dxc4 4. Bg2 Bf5 5. Na3 e5 6. Nxc4 e4 7. Nh4 Be6 8. Ne3 Nf6 9. Qc2 Na6 10. O-O Nb4 11. Qb1 Bc5 12. a3 Nbd5 13. b4 Bd4 14. Bb2 Bxb2 15. Qxb2 O-O 16. Nhf5 Nxe3 17. fxe3 Bxf5 18. Rxf5 Re8 19. Raf1 Qd6 20. Rg5 Kh8 21. Qb3 Qe6 22. Qxe6 Rxe6 23. b5 h6 24. Rc5 Rd8 25. bxc6 bxc6 26. Ra5 Re7 27. d3 exd3 28. exd3 Rxd3 29. Bxc6 Rdxe3 30. Rb1 Re1+ 31. Rxe1 Rxe1+ 32. Kg2 Re7 33. a4 g5 34. Rb5 Rc7 35. Ba8 Rc8 36. Bb7 Rc2+ 37. Kg1 Rc7 38. a5 Nd7 39. a6 Kg7 40. Kf2 Rc2+ 41. Kg1 Nc5 42. Bc8 Ne4 43. Rb8 Nd6 44. Bh3 Rc6 45. Bf1 Rc8 46. Rb1 f5 47. Bg2 Kf6 48. Re1 Rc5 49. Rd1 Ke6 50. Bf1 Ke5 51. Rb1 Rc7 52. Re1+ Ne4 53. Bg2 Rc4 54. Rb1 Rc7 55. Re1 g4 56. Rb1 Kd4 57. Bf1 Ng5 58. Bg2 Ke3 59. Re1+ Kd3 60. Re5 Rc1+ 61. Kf2 Rc2+ 62. Kf1 Ne4 63. Bxe4+ fxe4 64. Re7 Rxh2 65. Rxa7 Ra2 66. Rd7+ Ke3 67. a7 Kf3 68. Ke1 h5 69. Rb7 e3 0-1

[Event "94th FRA-ch Accession 2019"]
[Site "Chartres"]
[Date "2019.08.23"]
[Round "7.1"]
[White "Velten, Paul"]
[Black "Lamard, Guillaume"]
[Result "1/2-1/2"]
[ECO "D37"]
[WhiteElo "2527"]
[BlackElo "2419"]
[Annotator "ChessBase"]
[PlyCount "181"]
[EventDate "2019.08.17"]
[EventType "swiss"]
[EventCountry "FRA"]
[SourceTitle "playchess.com"]
[Source "ChessBase"]
[SourceQuality "1"]
[TimeControl "40/5400+30:1800+30"]

1. d4 Nf6 2. c4 e6 3. Nf3 d5 4. Nc3 a6 5. cxd5 exd5 6. Bg5 Be6 7. e3 Nbd7 8. Bd3 Bd6 9. Bf4 Qe7 10. Bxd6 Qxd6 11. h3 h6 12. Qc2 O-O 13. O-O Rfc8 14. Rfd1 c6 15. Rac1 a5 16. Ne2 Re8 17. Ng3 Rac8 18. Qe2 g6 19. Rf1 Nh7 20. b3 Ra8 21. Qb2 f5 22. Ne5 Nxe5 23. dxe5 Qb4 24. f4 a4 25. Qf2 axb3 26. axb3 Qxb3 27. Bc2 Qb4 28. Ne2 Qe7 29. g4 c5 30. Ng3 Qf7 31. gxf5 gxf5 32. Bb1 b6 33. Kh2 Kh8 34. Qb2 Rab8 35. Rg1 Rg8 36. Rg2 c4 37. Rcg1 b5 38. Qb4 Qf8 39. Rb2 Qf7 40. Qa5 Nf8 41. Rxb5 Rxb5 42. Qxb5 Ng6 43. Qb2 Nh4 44. Qf2 d4 45. Ne2 d3 46. Qxh4 dxe2 47. Qxh6+ Qh7 48. Qxh7+ Kxh7 49. Re1 Rb8 50. Bc2 Rb2 51. Rxe2 c3 52. Kg3 Kg6 53. e4 fxe4 54. Kf2 Bxh3 55. Ke3 Bf5 56. Kd4 Ra2 57. Rg2+ Kh6 58. Rg5 Bg6 59. Kxc3 Ra1 60. e6 Ra6 61. Bb3 e3 62. Bc4 e2 63. Re5 Ra3+ 64. Bb3 Kg7 65. Rxe2 Kf6 66. Kb4 Ra1 67. Bc4 Be8 68. Kc5 Ra8 69. Rh2 Rc8+ 70. Kd4 Rd8+ 71. Ke3 Rc8 72. Bd5 Rd8 73. Ba2 Bg6 74. Bc4 Bf5 75. Rh6+ Kg7 76. Rh2 Kf6 77. Rh1 Re8 78. Rh6+ Kg7 79. Rh5 Bxe6 80. Re5 Bd7 81. Kd4 Rxe5 82. Kxe5 Kf8 83. Be6 Be8 84. f5 Bh5 85. f6 Be8 86. Kf5 Ba4 87. Kg5 Be8 88. Kh6 Ba4 89. f7 Be8 90. Kh7 Bxf7 91. Bxf7 1/2-1/2

[Event "94th FRA-ch Accession 2019"]
[Site "Chartres"]
[Date "2019.08.23"]
[Round "7.2"]
[White "Joie, Sebastien"]
[Black "Demuth, Adrien"]
[Result "1/2-1/2"]
[ECO "A13"]
[WhiteElo "2413"]
[BlackElo "2495"]
[Annotator "ChessBase"]
[PlyCount "61"]
[EventDate "2019.08.17"]
[EventType "swiss"]
[EventCountry "FRA"]
[SourceTitle "playchess.com"]
[Source "ChessBase"]
[SourceQuality "1"]
[TimeControl "40/5400+30:1800+30"]

1. Nf3 Nf6 2. c4 e6 3. g3 a6 4. Bg2 b5 5. b3 c5 6. O-O Bb7 7. d3 Be7 8. Bb2 O-O 9. e3 d6 10. Qe2 Nbd7 11. Nbd2 Rc8 12. Rfd1 Re8 13. e4 Bf8 14. Nh4 e5 15. Bh3 g6 16. Nf1 bxc4 17. bxc4 Rb8 18. Bc3 Bc6 19. Ne3 Nh5 20. Nhg2 Ng7 21. Nd5 Ne6 22. Rdb1 Bxd5 23. Rxb8 Nxb8 24. cxd5 Nd4 25. Bxd4 cxd4 26. Rc1 a5 27. Bc8 Qb6 28. Qc2 Rd8 29. Ne1 Nd7 30. Bxd7 Rxd7 31. Rb1 1/2-1/2

[Event "94th FRA-ch Accession 2019"]
[Site "Chartres"]
[Date "2019.08.23"]
[Round "7.3"]
[White "Di Nicolantonio, Lucas"]
[Black "Bailet, Pierre"]
[Result "1/2-1/2"]
[ECO "C36"]
[WhiteElo "2394"]
[BlackElo "2490"]
[Annotator "ChessBase"]
[PlyCount "59"]
[EventDate "2019.08.17"]
[EventType "swiss"]
[EventCountry "FRA"]
[SourceTitle "playchess.com"]
[Source "ChessBase"]
[SourceQuality "1"]
[TimeControl "40/5400+30:1800+30"]

1. e4 e5 2. f4 d5 3. exd5 exf4 4. Nf3 Nf6 5. Bc4 Nxd5 6. O-O Be6 7. Bb3 c5 8. d4 cxd4 9. Nxd4 Bc5 10. Kh1 Bxd4 11. Qxd4 O-O 12. Bxd5 Nc6 13. Qxf4 Qxd5 14. Nc3 Qc4 15. Be3 Rfe8 16. Rad1 Qxf4 17. Bxf4 Nb4 18. Rf2 Nxa2 19. Nb5 Nb4 20. Nc7 Red8 21. Rfd2 Rxd2 22. Rxd2 Rc8 23. Kg1 Bf5 24. Nb5 Bxc2 25. Nxa7 Re8 26. Bd6 Nd3 27. Bg3 Nb4 28. Bd6 Nd3 29. Bg3 Bb1 30. Rd1 1/2-1/2

[Event "94th FRA-ch Accession 2019"]
[Site "Chartres"]
[Date "2019.08.23"]
[Round "7.4"]
[White "Bijaoui, Manuel"]
[Black "Stephan, Victor"]
[Result "0-1"]
[ECO "C42"]
[WhiteElo "2433"]
[BlackElo "2413"]
[Annotator "NA"]
[PlyCount "40"]
[EventDate "2019.08.17"]
[EventType "swiss"]
[EventCountry "FRA"]
[SourceTitle "playchess.com"]
[Source "ChessBase"]
[SourceQuality "1"]
[TimeControl "40/5400+30:1800+30"]

1. e4 e5 2. Nf3 Nf6 3. Nxe5 d6 4. Nf3 Nxe4 5. d4 d5 6. Bd3 Nc6 7. O-O Be7 8. Re1 Bf5 9. c4 Nb4 10. Bf1 dxc4 11. g4 Bg6 12. Ne5 Nxf2 13. Kxf2 Bh4+ 14. Kg1 Bxe1 15. Nxg6 Bf2+ 16. Kxf2 hxg6 17. Qe1+ Kd7 18. Qxb4 Qf6+ 19. Kg1 Qxd4+ 20. Kh1 Rxh2+ 0-1